 Dungeon Crawl Stone Soup version 0.29.0-13-gc9e81de378 (webtiles) character file.

Game seed: 14325441996605205407

12 funkygono the Firebug (level 2, -5/15 HPs)
             Began as a Gargoyle Fire Elementalist on Sept 9, 2022.
             Slain by a gnoll
             ... wielding a +1 whip of electrocution
              (6 damage)
             ... on level 2 of the Dungeon.
             The game lasted 00:01:37 (949 turns).

funkygono the Firebug (Gargoyle Fire Elementalist)   Turns: 949, Time: 00:01:38

Health: -5/15      AC:  4    Str: 11    XL:     2   Next: 33%
Magic:  12/14      EV: 12    Int: 15    God:
Gold:   74         SH:  0    Dex: 10    Spells: 2/5 levels left

rFire   . . .      SeeInvis .   g - +0 whip
rCold   . . .      Faith    .   (no shield)
rNeg    + . .      Spirit   .   a - +0 robe
rPois   ∞          Reflect  .   (no helmet)
rElec   +          Harm     .   (no cloak)
rCorr   .          Rampage  .   (no gloves)
Will    .....                   (no boots)
Stlth   ++........              (no amulet)
HPRegen 0.05/turn               d - ring of magical power
MPRegen 0.14/turn               (no ring)

@: no status effects
A: sickness immunity, AC +2, negative energy resistance 1, electricity
resistance, torment resistance 1, petrification resistance
a: no special abilities


You were on level 2 of the Dungeon.
You visited 1 branch of the dungeon, and saw 2 of its levels.

You collected 74 gold pieces.

Inventory:

Hand Weapons
 g - a +0 whip (weapon)
Armour
 a - a +0 robe (worn)
Magical Staves
 j - a staff of cold
Jewellery
 d - a ring of magical power (left hand)
Scrolls
 c - a scroll of immolation {unknown}
 e - 5 scrolls of identify {unknown}
 f - a scroll of fear {unknown}
 i - a scroll of butterflies {unknown}
 k - a scroll of blinking {unknown}
Potions
 b - a potion of magic
 h - 2 potions of degeneration {unknown}
 l - a potion of heal wounds {unknown}
 m - a potion of mutation {unknown}
 n - a potion of ambrosia {unknown}


   Skills:
 + Level 1.6 Dodging
 - Level 2.1 Stealth
 + Level 2.1 Spellcasting
 + Level 1.1 Conjurations
 + Level 3.4 Fire Magic


You had 2 spell levels left.
You knew the following spells:

 Your Spells              Type           Power      Damage    Failure   Level
a - Foxfire               Conj/Fire      32%        2x1d5     9%          1
b - Scorch                Fire           24%        2d6       8%          2

Your spell library contained the following spells:

 Spells                   Type           Power      Damage    Failure   Level
 Conjure Flame            Conj/Fire      8%         6-21      26%         3
 Inner Flame              Hex/Fire       6%         N/A       32%         3
 Flame Wave               Conj/Fire      8%         2d5       63%         4


Dungeon Overview and Level Annotations

Branches:
Dungeon (2/15)

Altars:


Innate Abilities, Weirdness & Mutations

You are immune to sickness and miasma.
Your stone body is resilient. (AC +2)
You are immune to poison.
You resist negative energy. (rN+)
You are resistant to electric shocks. (rElec)
You are resistant to unholy torment.
You are immune to petrification.


Message History

The foxfire hits the kobold.
You kill the kobold!
Your foxfire dissipates!
Magic restored.
m - a black potion
Things that are here:
a +0 club; 3 stones; a kobold corpse
n - a white potion You now have 68 gold pieces (gained 9).
You now have 74 gold pieces (gained 6).
You see here a +1 dagger of speed.
e - 5 scrolls labelled UNORIC VUDE (gained 1) 3 gnolls come into view.
A gnoll is wielding a +1 whip of electrocution.
The gnoll shouts! x3
Casting: Foxfire (safe; 9% risk of failure)
Confirm with . or Enter, or press ? or * to list all spells.
You conjure some foxfire!
Casting: Foxfire (safe; 9% risk of failure)
Confirm with . or Enter, or press ? or * to list all spells.
Flames lash the gnoll.
The gnoll is heavily wounded.
The gnoll's fire resistance burns away.
The foxfire hits the gnoll but does no damage.
The foxfire hits the gnoll.
The gnoll is moderately wounded.
The gnoll barely misses you.
You hit the gnoll but do no damage.
The gnoll is moderately wounded.
You hit the gnoll but do no damage.
The gnoll is moderately wounded.
The gnoll hits you with a +1 whip of electrocution.
The gnoll attacks as you move away! The gnoll hits you with a +0 whip.
The gnoll is no longer more vulnerable to fire.
The gnoll hits you with a +1 whip of electrocution!
* * * LOW HITPOINT WARNING * * *
The gnoll attacks as you move away! The gnoll misses you.
The gnoll attacks as you move away!
The gnoll hits you with a +1 whip of electrocution.
You die...

.#
##....#.#
.+
#..#....#
.#
##.)..#.#
.# ##.#.#
.. .#
#.#.# ##
.# #.#.#
.# #.#.#
.#
#.#.######
.#
#.#..@g.g#
#.######g#
#.......g#
########.#
#.# #.#
#.# #.#
#.#


You could see 3 gnolls.

Vanquished Creatures
  A bat (D:1)
  2 endoplasms
  A goblin (D:1)
  2 kobolds
  A quokka (D:1)
  3 ball pythons (D:1)
10 creatures vanquished.

Vanquished Creatures (others)
  30 foxfires
30 creatures vanquished.

Grand Total: 40 creatures vanquished

Notes
Turn   | Place    | Note
-------+----------+-------------------------------------------
     0 | D:1      | funkygono the Gargoyle Fire Elementalist began the quest
                  | for the Orb.
     0 | D:1      | Reached XP level 1. HP: 10/10 MP: 3/3
   548 | D:1      | Reached XP level 2. HP: 15/15 MP: 5/5
   790 | D:1      | Learned a level 2 spell: Scorch
   949 | D:2      | Slain by a gnoll

Illustrated notes

Levels and vault maps discovered:
D:1:      sevenhm_arrival_forest_fort_large_2, layout_basic, minmay_pentomino_z2
D:2:      kennysheep_six_static_rooms, layout_loops_ring,
          shapermc_ecumenical_altar_gd, uniq_robin

Action                   || total
-------------------------++-------
Melee: Whip              ||     6
 Cast: Foxfire           ||    19
       Scorch            ||     1
Armor: Robe              ||     2
Dodge: Dodged            ||     9
